AoeStats
← dataat

Black Forest

506240302Analyzed
1v1 RM · 19d ago on Sep 12, 2026· 48m 37s· 2 players
Game mode
Random Map
Map size
Tiny (2 player)
Population
200
Speed
Normal
Resources
Standard
Victory
Conquest
Starting age
Dark Age
Ending age
Imperial Age
RankedLock teamsTeams togetherTeam positionsShared explorationLock speedFull tech treeHidden civsTurbo modeCheats
Victory
Defeat
🇦🇹 Cumans · Austria
405
+25
🇺🇸 Sicilians · United States
626
-25
dataat
6:04 Loom
12:28 Feudal Age
13:01 Double-Bit Axe
13:08 Gold Mining
18:25 Horse Collar
19:00 Stone Mining
19:25 Forging
19:57 Wheelbarrow
19:10 Town Watch
23:33 Castle Age
22:33 Fletching
24:06 Scale Barding Armor
24:54 Heavy Plow
25:24 Bow Saw
26:18 Bloodlines
28:33 Bodkin Arrow
29:45 Hand Cart
33:58 Imperial Age
31:03 Capped Ram
33:09 Gold Shaft Mining
32:51 Steppe Husbandry
34:09 Iron Casting
35:40 Town Patrol
37:15 Conscription
36:43 Elite Steppe Lancer
39:19 Two-Man Saw
40:22 Blast Furnace
41:59 Crop Rotation
45:02 Chain Barding Armor
45:13 Ballistics
44:49 Murder Holes
48:22 Elite Kipchak
EasyOnTheFleece
5:17 Loom
13:21 Feudal Age
18:20 Horse Collar
18:29 Double-Bit Axe
22:36 Castle Age
22:08 Scale Mail Armor
22:09 Padded Archer Armor
22:21 Forging
24:47 Bloodlines
25:54 Bow Saw
27:16 Stone Mining
27:18 Gold Mining
28:07 Wheelbarrow
27:39 Fletching
28:29 Heavy Plow
30:11 Scale Barding Armor
31:32 Chain Mail Armor
33:06 Fervor
33:16 Sanctity
33:05 Husbandry
33:46 Iron Casting
33:16 Squires
33:14 Elite Skirmisher
37:03 Hand Cart
36:37 Town Watch
40:03 Imperial Age
37:54 Masonry
40:08 Leather Archer Armor
40:47 Ballistics
41:33 Bodkin Arrow
44:45 Chemistry
43:33 Arrowslits
45:00 Murder Holes
45:43 Conscription
47:55 Hoardings
48:04 Crop Rotation
48:21 Gold Shaft Mining
48:25 Stone Shaft Mining
47:24 Cavalier
Connection lost

Rejoining the realm…

Still unreachable

The connection could not be restored.

Session expired

The server has moved on; the page needs a fresh start.